 Dungeon Crawl Stone Soup version 0.29.0-4-gdea44cf6ec (webtiles) character file.

Game seed: 12249893453410309841

1817 qw the Cleaver (level 9, -10/55 HPs)
             Began as a Gargoyle Delver on Sept 10, 2022.
             Mangled by an orc warrior
             ... wielding a +0 halberd
              (12 damage)
             ... on level 7 of the Dungeon.
             The game lasted 00:02:43 (7475 turns).

qw the Cleaver (Gargoyle Delver)                    Turns: 7475, Time: 00:02:44

Health: -10/55     AC: 20    Str: 25    XL:     9   Next: 10%
Magic:  0/9        EV:  8    Int: 12    God:
Gold:   401        SH:  0    Dex: 11    Spells: 8/8 levels left

rFire   . . .      SeeInvis .   Y - +1 war axe (chaos)
rCold   . . .      Faith    .   (no shield)
rNeg    + . .      Spirit   +   l - +0 chain mail
rPois   inf        Reflect  .   (no helmet)
rElec   +          Harm     .   r - +0 cloak
rCorr   .          Rampage  .   k - +1 Delatra's gloves {ID++}
Will    +....                   c - +0 pair of boots
Stlth   ..........              e - amulet of guardian spirit
HPRegen 0.18/turn               n - +6 ring of strength
MPRegen 0.11/turn               b - ring of willpower

@: about to teleport
A: sickness immunity, AC +6, negative energy resistance 1, electricity
resistance, torment resistance 1, petrification resistance
a: no special abilities


You were on level 7 of the Dungeon.
You visited 2 branches of the dungeon, and saw 8 of its levels.

You collected 401 gold pieces.


Innate Abilities, Weirdness & Mutations

You are immune to sickness and miasma.
Your stone body is resilient. (AC +6)
You are immune to poison.
You resist negative energy. (rN+)
You are resistant to electric shocks. (rElec)
You are resistant to unholy torment.
You are immune to petrification.


   Skills:
 - Level 6.2 Fighting
 - Level 9.0 Axes
 + Level 4.2 Armour
 - Level 1.5 Dodging
 - Level 5.4 Stealth


You had 8 spell levels left.
You didn't know any spells.
Your spell library was empty.

Inventory:

Hand Weapons
 a - a +0 flail
 Y - a +1 war axe of chaos (weapon)
Armour
 c - a +0 pair of boots (worn)
 k - the +1 Delatra's gloves (worn) {ID++}
   (You found it on level 6 of the Dungeon)

   It heals its wearer when they drink unknown potions.
   It restores its wearer's MP when they read unknown scrolls.
 l - a +0 chain mail (worn)
 o - the +0 cloak of Atheism {-Tele rC+ MP+9 Str+2}
   (You acquired it on level 3 of the Dungeon)

   Str:       It affects your strength (+2).
   rC:        It protects you from cold.
   MP:        It affects your magic capacity (+9).
   -Tele:     It prevents most forms of teleportation.
 r - a +0 cloak (worn)
Jewellery
 b - a ring of willpower (right hand)
 e - an amulet of guardian spirit (around neck)
 n - a +6 ring of strength (left hand)
Wands
 g - a wand of digging (3)
Scrolls
 j - 2 scrolls of identify
Potions
 d - 2 potions of heal wounds
 f - 3 potions of haste
 i - 4 potions of curing
 m - a potion of lignification {unknown}
 p - a potion of attraction {unknown}
 q - a potion of might

Dungeon Overview and Level Annotations

Branches:
Dungeon (7/15)             Temple (1/1) D:6

Altars:
Ashenzari
Dithmenos
Elyvilon
Fedhas
Gozag
Hepliaklqana
Kikubaaqudgha
Makhleb
Nemelex Xobeh
Qazlal
Ru
Sif Muna
Trog
Uskayaw
Vehumet
Wu Jian
Xom
Yredelemnul
Zin
The Shining One

Annotations:
D:6 3 runed translucent doors, qw's ghost, novice MiBe


Message History

The gnoll hits you but does no damage. The gnoll barely misses you.
You closely miss the gnoll sergeant.
The gnoll sergeant is severely wounded.
You hit the gnoll but do no damage.
The gnoll sergeant hits you but does no damage.
The orc warrior hits you from afar with a +0 halberd!
The gnoll barely misses you.
The gnoll hits you from afar with a +0 spear.
The gnoll hits you but does no damage.
You slash the gnoll sergeant!
You kill the gnoll sergeant!
You barely miss the orc priest. You hit the gnoll.
The gnoll is poisoned.
The gnoll hits you but does no damage.
The orc priest hits you but does no damage.
The orc warrior barely misses you.
The gnoll hits you but does no damage. x2
Your Axes skill increases to level 9!
You slash the gnoll!
You kill the gnoll!
You slash the orc priest! The gnoll hits you but does no damage.
The orc priest looks encouraged for a moment.
The orc warrior hits you but does no damage.
The gnoll hits you but does no damage.
You hit the orc priest.
Lightning courses through the orc priest!
You kill the orc priest!
You closely miss the orc. The gnoll barely misses you.
The orc barely misses you.
The orc warrior hits you from afar with a +0 halberd.
The gnoll barely misses you.
You closely miss the orc. The gnoll hits you but does no damage.
The orc hits you with a +0 mace.
The orc warrior hits you from afar with a +0 halberd!
The gnoll misses you.
7475 ||| READING scroll of teleportation.
As you read the scroll of teleportation, it crumbles to dust.
You feel strangely unstable. The gnoll barely misses you.
The orc hits you but does no damage.
The orc warrior hits you from afar with a +0 halberd!
You die...

#..... .. ##....### . ..
.. ##...#.... .# ##..
...#....... ...#
#....##.# ##...#
#.......###..... #
##..###.(......## # ..
##).........# ..##.
...#.o@#.......###...#.
.....g)##.............#.
#....og.........##... o.
........)..###...#.. .##
##.........# #...#.##.##
......#.##.# #...#.#....
......## #.###..........
....._####..../.........
........................


You could see an orc warrior, 2 gnolls and an orc.

Vanquished Creatures
  2 water moccasins
  A black bear (D:6)
  2 centaurs
  3 phantoms
  2 gnoll sergeants (D:7)
  A bullfrog (D:6)
  2 necrophages
  4 wights (D:7)
  3 orc priests
  A hound (D:5)
  7 iguanas
  4 orc wizards
  9 gnolls
  2 adders
  2 white imps
  An ufetubus (D:4)
  3 worms
  4 dart slugs
  13 orcs
  7 ball pythons
  9 endoplasms
  5 giant cockroaches
  9 goblins
  4 hobgoblins
  3 jackals (D:1)
  6 kobolds
  3 quokkas
  4 bats
  3 frilled lizards
  7 rats
126 creatures vanquished.

Notes
Turn   | Place    | Note
-------+----------+-------------------------------------------
     0 | D:5      | qw the Gargoyle Delver began the quest for the Orb.
     0 | D:5      | Reached XP level 1. HP: 14/14 MP: 1/1
     0 | D:5      | 0 ||| qw: Version: 0.1-a-116-g5d60599
     0 | D:5      | 0 ||| qw: Game counter: 8969
     0 | D:5      | 0 ||| qw: Always use a shield: true
     0 | D:5      | 0 ||| qw: God list: Okawaru
     0 | D:5      | 0 ||| qw: Allow faded altars: false
     0 | D:5      | 0 ||| qw: Do Orc after D:15 true
     0 | D:5      | 0 ||| qw: Do second Lair branch before Depths: true
     0 | D:5      | 0 ||| qw: Lair rune preference: random
     0 | D:5      | 0 ||| qw: Plans: Normal
     0 | D:5      | 0 ||| PLANNING D:1-11
    50 | D:5      | 50 ||| DROPPING scroll of fog.
    51 | D:5      | 51 ||| DROPPING scroll of magic mapping.
    52 | D:5      | 52 ||| DROPPING scroll of fear.
    75 | D:4      | Found a sparkling altar of Nemelex Xobeh.
    75 | D:4      | Found a faded altar of an unknown god.
    83 | D:4      | Found an opulent altar of Gozag.
    85 | D:4      | Found a shimmering altar of Xom.
    87 | D:4      | Found a faded altar of an unknown god.
   123 | D:4      | 123 ||| Stepping ~*~*~tactically~*~*~ (stealth).
   136 | D:4      | 136 ||| Stepping ~*~*~tactically~*~*~ (stealth).
   142 | D:4      | Reached skill level 2 in Axes
   222 | D:4      | 222 ||| READING scroll labelled ZOORAN NUCW.
   223 | D:4      | 223 ||| READING scroll labelled BUJ ZIRHA BEOTTU.
   360 | D:3      | 360 ||| UPGRADING to +0 pair of boots.
   365 | D:3      | 365 ||| READING scroll labelled UNIWNY DASOCS.
   402 | D:2      | Found a sacrificial altar of Ru.
   431 | D:2      | Reached XP level 2. HP: 19/19 MP: 2/2
   432 | D:2      | 432 ||| Stepping ~*~*~tactically~*~*~ (stealth).
   433 | D:2      | 433 ||| Stepping ~*~*~tactically~*~*~ (stealth).
   476 | D:2      | 476 ||| Stepping ~*~*~tactically~*~*~ (stealth).
   478 | D:2      | 478 ||| Stepping ~*~*~tactically~*~*~ (stealth).
   482 | D:2      | 482 ||| Stepping ~*~*~tactically~*~*~ (stealth).
   485 | D:2      | 485 ||| Stepping ~*~*~tactically~*~*~ (stealth).
   486 | D:2      | 486 ||| Stepping ~*~*~tactically~*~*~ (stealth).
   487 | D:2      | 487 ||| Stepping ~*~*~tactically~*~*~ (stealth).
   489 | D:2      | 489 ||| Stepping ~*~*~tactically~*~*~ (stealth).
   491 | D:2      | 491 ||| Stepping ~*~*~tactically~*~*~ (stealth).
   492 | D:2      | 492 ||| Stepping ~*~*~tactically~*~*~ (stealth).
   494 | D:2      | 494 ||| Stepping ~*~*~tactically~*~*~ (stealth).
   615 | D:2      | 615 ||| Stepping ~*~*~tactically~*~*~ (stealth).
   656 | D:2      | 656 ||| UPGRADING to +0 ring mail.
   666 | D:2      | 666 ||| DROPPING +0 leather armour.
   667 | D:2      | 667 ||| UPGRADING to amulet of guardian spirit.
   672 | D:2      | 672 ||| READING scroll labelled JABAUJ ZUROA.
  1106 | D:1      | Reached skill level 3 in Axes
  1266 | D:1      | 1266 ||| Stepping ~*~*~tactically~*~*~ (stealth).
  1270 | D:1      | Reached XP level 3. HP: 23/23 MP: 3/3
  1278 | D:1      | 1278 ||| Stepping ~*~*~tactically~*~*~ (stealth).
  1290 | D:1      | 1290 ||| Stepping ~*~*~tactically~*~*~ (stealth).
  1359 | D:1      | Found a faded altar of an unknown god.
  1545 | D:1      | 1545 ||| UPGRADING to +0 scale mail.
  1555 | D:1      | 1555 ||| DROPPING +0 ring mail.
  1556 | D:1      | 1556 ||| UPGRADING to +0 chain mail.
  1566 | D:1      | 1566 ||| DROPPING +0 scale mail.
  1567 | D:1      | 1567 ||| UPGRADING to +6 ring of strength.
  1568 | D:1      | 1568 ||| READING 2 scrolls labelled YFOOCAXZIE.
  1569 | D:1      | 1569 ||| READING scroll labelled MAPOPH KIYBRI.
  1574 | D:1      | 1574 ||| READING scroll labelled HEMUMPORAMN.
  1575 | D:1      | 1575 ||| DRINKING 2 pink potions.
  1576 | D:1      | 1576 ||| DRINKING 2 glowing dark potions.
  1577 | D:1      | 1577 ||| DROPPING potion of degeneration.
  1605 | D:2      | 1605 ||| STAIRDANCE
  1609 | D:1      | Reached skill level 1 in Armour
  1611 | D:2      | 1611 ||| STAIRDANCE
  1637 | D:2      | 1637 ||| STAIRDANCE
  1656 | D:2      | 1656 ||| Stepping ~*~*~tactically~*~*~ (stealth).
  1661 | D:2      | 1661 ||| Stepping ~*~*~tactically~*~*~ (stealth).
  1778 | D:2      | Reached XP level 4. HP: 28/28 MP: 4/4
  2052 | D:2      | 2052 ||| Stepping ~*~*~tactically~*~*~ (hiding).
  2054 | D:2      | 2054 ||| Stepping ~*~*~tactically~*~*~ (hiding).
  2272 | D:2      | 2272 ||| READING 2 scrolls of identify.
  2272 | D:2      | 2272 ||| IDENTIFYING purple potion
  2273 | D:2      | 2273 ||| DROPPING potion of invisibility.
  2523 | D:3      | 2523 ||| Stepping ~*~*~tactically~*~*~ (hiding).
  2524 | D:3      | 2524 ||| Stepping ~*~*~tactically~*~*~ (hiding).
  2669 | D:3      | Found a blossoming altar of Fedhas.
  2782 | D:3      | 2782 ||| Stepping ~*~*~tactically~*~*~ (stealth).
  2784 | D:3      | 2784 ||| Stepping ~*~*~tactically~*~*~ (hiding).
  2824 | D:3      | 2824 ||| Stepping ~*~*~tactically~*~*~ (stealth).
  2832 | D:3      | Reached skill level 4 in Axes
  2839 | D:3      | Found a radiant altar of Vehumet.
  3013 | D:3      | 3013 ||| UPGRADING to ring of willpower.
  3014 | D:3      | 3014 ||| DRINKING 2 bubbling orange potions.
  3036 | D:4      | 3036 ||| STAIRDANCE
  3114 | D:4      | 3114 ||| Stepping ~*~*~tactically~*~*~ (stealth).
  3124 | D:4      | Reached XP level 5. HP: 29/32 MP: 5/5
  3124 | D:4      | 3124 ||| Stepping ~*~*~tactically~*~*~ (hiding).
  3125 | D:4      | 3125 ||| Stepping ~*~*~tactically~*~*~ (hiding).
  3132 | D:4      | 3132 ||| FLEEEEING.
  3175 | D:4      | 3175 ||| FLEEEEING.
  3176 | D:4      | 3176 ||| FLEEEEING.
  3177 | D:4      | 3177 ||| FLEEEEING.
  3178 | D:4      | 3178 ||| FLEEEEING.
  3179 | D:4      | 3179 ||| FLEEEEING.
  3180 | D:4      | 3180 ||| FLEEEEING.
  3181 | D:4      | 3181 ||| STAIRDANCE
  3226 | D:3      | 3226 ||| READING scroll labelled PAM WOITUU.
  3226 | D:3      | Identified a scroll of acquirement
  3226 | D:3      | 3226 ||| ACQUIRING +0 cloak of Atheism {-Tele rC+ MP+9
                  | Str+2}
  3226 | D:3      | Acquired the +0 cloak of Atheism {-Tele rC+ MP+9 Str+2}
  3314 | D:4      | 3314 ||| Stepping ~*~*~tactically~*~*~ (hiding).
  3537 | D:4      | 3537 ||| SWAPPING to +1 war axe of flaming.
  3538 | D:4      | 3538 ||| DROPPING +0 mace.
  3539 | D:4      | 3539 ||| DROPPING +0 spectral hand axe.
  3540 | D:4      | 3540 ||| READING scroll of brand weapon.
  3540 | D:4      | 3540 ||| BRANDING +1 war axe of flaming.
  3564 | D:4      | Found a hide-covered altar of Uskayaw.
  3584 | D:4      | 3584 ||| Stepping ~*~*~tactically~*~*~ (hiding).
  3585 | D:4      | 3585 ||| Stepping ~*~*~tactically~*~*~ (hiding).
  3736 | D:4      | 3736 ||| DROPPING +0 club.
  3834 | D:4      | Reached skill level 5 in Axes
  3834 | D:4      | Reached XP level 6. HP: 32/37 MP: 6/6
  3883 | D:4      | 3883 ||| DROPPING +1 ring mail of cold resistance.
  3884 | D:4      | 3884 ||| READING scroll labelled WOCIES TILO.
  3885 | D:4      | 3885 ||| READING 2 scrolls of identify.
  3885 | D:4      | 3885 ||| IDENTIFYING yellow potion
  3886 | D:4      | 3886 ||| DROPPING potion of flight.
  4055 | D:5      | 4055 ||| FLEEEEING.
  4061 | D:5      | 4061 ||| STAIRDANCE
  4141 | D:5      | Noticed a water moccasin
  4148 | D:5      | Killed a water moccasin
  4355 | D:5      | 4355 ||| Stepping ~*~*~tactically~*~*~ (stealth).
  4359 | D:5      | 4359 ||| Stepping ~*~*~tactically~*~*~ (stealth).
  4468 | D:5      | 4468 ||| DROPPING +0 whip.
  4501 | D:5      | 4501 ||| Stepping ~*~*~tactically~*~*~ (hiding).
  4513 | D:5      | Reached XP level 7. HP: 42/44 MP: 5/7
  4794 | D:5      | Reached skill level 6 in Axes
  4876 | D:5      | 4876 ||| DRINKING 2 emerald potions.
  4877 | D:5      | 4877 ||| READING 2 scrolls of identify.
  4877 | D:5      | 4877 ||| IDENTIFYING sedimented golden potion
  4878 | D:5      | 4878 ||| DROPPING potion of brilliance.
  5077 | D:6      | Reached skill level 3 in Armour
  5402 | D:6      | Reached skill level 7 in Axes
  5402 | D:6      | Reached XP level 8. HP: 48/48 MP: 8/8
  5452 | D:6      | 5452 ||| READING 2 scrolls of brand weapon.
  5452 | D:6      | 5452 ||| BRANDING +1 vorpal war axe.
  5453 | D:6      | 5453 ||| READING scroll of brand weapon.
  5453 | D:6      | 5453 ||| BRANDING +1 war axe of venom.
  5488 | D:6      | 5488 ||| FLEEEEING.
  5491 | D:6      | 5491 ||| FLEEEEING.
  5492 | D:6      | 5492 ||| FLEEEEING.
  5493 | D:6      | 5493 ||| FLEEEEING.
  5496 | D:6      | 5496 ||| FLEEEEING.
  5499 | D:6      | 5499 ||| FLEEEEING.
  5500 | D:6      | 5500 ||| FLEEEEING.
  5501 | D:6      | 5501 ||| FLEEEEING.
  5502 | D:6      | 5502 ||| FLEEEEING.
  5503 | D:6      | 5503 ||| FLEEEEING.
  5504 | D:6      | 5504 ||| FLEEEEING.
  5505 | D:6      | 5505 ||| FLEEEEING.
  5506 | D:6      | 5506 ||| FLEEEEING.
  5509 | D:6      | 5509 ||| FLEEEEING.
  5510 | D:6      | 5510 ||| FLEEEEING.
  5511 | D:6      | 5511 ||| FLEEEEING.
  5514 | D:6      | 5514 ||| FLEEEEING.
  5515 | D:6      | 5515 ||| FLEEEEING.
  5516 | D:6      | 5516 ||| FLEEEEING.
  5517 | D:6      | 5517 ||| FLEEEEING.
  5518 | D:6      | 5518 ||| FLEEEEING.
  5519 | D:6      | 5519 ||| FLEEEEING.
  5520 | D:6      | 5520 ||| FLEEEEING.
  5521 | D:6      | 5521 ||| FLEEEEING.
  5522 | D:6      | 5522 ||| FLEEEEING.
  5525 | D:6      | 5525 ||| FLEEEEING.
  5526 | D:6      | 5526 ||| FLEEEEING.
  5529 | D:6      | 5529 ||| FLEEEEING.
  5530 | D:6      | 5530 ||| FLEEEEING.
  5531 | D:6      | 5531 ||| FLEEEEING.
  5534 | D:6      | 5534 ||| FLEEEEING.
  5537 | D:6      | 5537 ||| FLEEEEING.
  5538 | D:6      | 5538 ||| FLEEEEING.
  5539 | D:6      | 5539 ||| FLEEEEING.
  5540 | D:6      | 5540 ||| FLEEEEING.
  5541 | D:6      | 5541 ||| FLEEEEING.
  5542 | D:6      | 5542 ||| FLEEEEING.
  5543 | D:6      | 5543 ||| FLEEEEING.
  5544 | D:6      | 5544 ||| FLEEEEING.
  5545 | D:6      | 5545 ||| FLEEEEING.
  5546 | D:6      | 5546 ||| FLEEEEING.
  5547 | D:6      | 5547 ||| FLEEEEING.
  5548 | D:6      | 5548 ||| FLEEEEING.
  5549 | D:6      | 5549 ||| FLEEEEING.
  5550 | D:6      | 5550 ||| FLEEEEING.
  5551 | D:6      | 5551 ||| FLEEEEING.
  5552 | D:6      | 5552 ||| FLEEEEING.
  5553 | D:6      | 5553 ||| FLEEEEING.
  5554 | D:6      | 5554 ||| FLEEEEING.
  5555 | D:6      | 5555 ||| FLEEEEING.
  5556 | D:6      | 5556 ||| FLEEEEING.
  5557 | D:6      | 5557 ||| FLEEEEING.
  5560 | D:6      | 5560 ||| FLEEEEING.
  5561 | D:6      | 5561 ||| FLEEEEING.
  5562 | D:6      | 5562 ||| FLEEEEING.
  5563 | D:6      | 5563 ||| FLEEEEING.
  5564 | D:6      | 5564 ||| FLEEEEING.
  5565 | D:6      | 5565 ||| FLEEEEING.
  5566 | D:6      | 5566 ||| FLEEEEING.
  5569 | D:6      | 5569 ||| FLEEEEING.
  5570 | D:6      | 5570 ||| FLEEEEING.
  5571 | D:6      | 5571 ||| FLEEEEING.
  5572 | D:6      | 5572 ||| FLEEEEING.
  5575 | D:6      | 5575 ||| FLEEEEING.
  5576 | D:6      | 5576 ||| FLEEEEING.
  5577 | D:6      | 5577 ||| FLEEEEING.
  5578 | D:6      | 5578 ||| FLEEEEING.
  5579 | D:6      | 5579 ||| FLEEEEING.
  5580 | D:6      | 5580 ||| FLEEEEING.
  5581 | D:6      | 5581 ||| FLEEEEING.
  5582 | D:6      | 5582 ||| FLEEEEING.
  5583 | D:6      | 5583 ||| FLEEEEING.
  5584 | D:6      | 5584 ||| FLEEEEING.
  5585 | D:6      | 5585 ||| FLEEEEING.
  5586 | D:6      | 5586 ||| FLEEEEING.
  5587 | D:6      | 5587 ||| FLEEEEING.
  5588 | D:6      | 5588 ||| FLEEEEING.
  5589 | D:6      | 5589 ||| FLEEEEING.
  5590 | D:6      | 5590 ||| FLEEEEING.
  5591 | D:6      | 5591 ||| FLEEEEING.
  5592 | D:6      | 5592 ||| FLEEEEING.
  5593 | D:6      | 5593 ||| FLEEEEING.
  5596 | D:6      | 5596 ||| FLEEEEING.
  5684 | D:6      | Found a staircase to the Ecumenical Temple.
  5685 | D:6      | 5685 ||| PLANNING TEMPLE
  5783 | D:6      | 5783 ||| UPGRADING to +0 cloak.
  5788 | D:6      | 5788 ||| READING scroll labelled NOCICVIU WEWEB.
  5789 | D:6      | 5789 ||| READING scroll labelled WEUBBULUUH.
  5793 | Temple   | Entered the Ecumenical Temple
  5830 | Temple   | 5830 ||| PLANNING D:1-11
  6018 | D:6      | 6018 ||| Stepping ~*~*~tactically~*~*~ (hiding).
  6163 | D:6      | Found a runed translucent gate.
  6163 | D:6      | Noticed qw's ghost (novice MiBe)
  6164 | D:6      | Found a runed translucent gate.
  6165 | D:6      | Found a runed translucent gate.
  6297 | D:6      | Found the +1 Delatra's gloves {ID++}
  6524 | D:6      | 6524 ||| UPGRADING to +1 Delatra's gloves {ID++}.
  6529 | D:6      | 6529 ||| DRINKING 2 viscous puce potions.
  6630 | D:6      | 6630 ||| DROPPING potion of ambrosia.
  6871 | D:7      | Reached skill level 8 in Axes
  6896 | D:7      | Identified the +1 ring mail "Retogec" {*Slow +Inv rElec
                  | SInv}
  6923 | D:7      | 6923 ||| Stepping ~*~*~tactically~*~*~ (hiding).
  6939 | D:7      | 6939 ||| FLEEEEING.
  6942 | D:7      | 6942 ||| FLEEEEING.
  6943 | D:7      | 6943 ||| STAIRDANCE
  7110 | D:6      | 7110 ||| DROPPING +1 ring mail "Retogec" {*Slow +Inv rElec
                  | SInv}.
  7111 | D:6      | 7111 ||| READING scroll labelled TUROEZ HAUHI.
  7206 | D:7      | Found a stormy altar of Qazlal.
  7207 | D:7      | 7207 ||| Stepping ~*~*~tactically~*~*~ (hiding).
  7229 | D:7      | Reached skill level 6 in Fighting
  7370 | D:7      | 7370 ||| Stepping ~*~*~tactically~*~*~ (stealth).
  7371 | D:7      | 7371 ||| Stepping ~*~*~tactically~*~*~ (stealth).
  7373 | D:7      | 7373 ||| Stepping ~*~*~tactically~*~*~ (hiding).
  7375 | D:7      | 7375 ||| Stepping ~*~*~tactically~*~*~ (hiding).
  7376 | D:7      | 7376 ||| Stepping ~*~*~tactically~*~*~ (hiding).
  7377 | D:7      | 7377 ||| Stepping ~*~*~tactically~*~*~ (hiding).
  7379 | D:7      | 7379 ||| Stepping ~*~*~tactically~*~*~ (hiding).
  7388 | D:7      | Reached XP level 9. HP: 44/55 MP: 9/9
  7398 | D:7      | 7398 ||| FLEEEEING.
  7399 | D:7      | 7399 ||| FLEEEEING.
  7418 | D:7      | 7418 ||| Stepping ~*~*~tactically~*~*~ (stealth).
  7426 | D:7      | 7426 ||| Stepping ~*~*~tactically~*~*~ (stealth).
  7459 | D:7      | 7459 ||| Stepping ~*~*~tactically~*~*~ (stealth).
  7461 | D:7      | 7461 ||| Stepping ~*~*~tactically~*~*~ (hiding).
  7472 | D:7      | Reached skill level 9 in Axes
  7474 | D:7      | HP: 13/55 [orc/+0 mace (2)]
  7474 | D:7      | HP: 2/55 [orc warrior/+0 halberd (11)]
  7475 | D:7      | 7475 ||| READING scroll of teleportation.
  7475 | D:7      | Mangled by an orc warrior

Levels and vault maps discovered:
D:1:      dpeg_arrival_tiny_a, layout_basic, ebering_ecumenical_altar_box,
          minmay_misc_feat_encased
D:2:      layout_basic, basic_altar
D:3:      layout_loops_cross, nicolae_vehumet_altar_sigil, fedhas_ov_isle_minmay
D:4:      layout_loops_cross, lemuel_tele_altar,
          chequers_temple_overflow_minitemple
D:5:      layout_gridville
D:6:      layout_basic, minmay_temple_entry_proselytizer,
          biasface_ghost_orc_armoury
D:7:      cheibrodos_iron_armory, layout_cave_pools, overflow_temple_1_default
Temple:   nicolae_temple_ecumenical_triangle

Skill      XL: |  1  2  3  4  5  6  7  8  9 |
---------------+----------------------------+-----
Axes           | 2 3 4 5 7 8 9 |  9.0
Armour         | 1 2 3 4 |  4.2
Fighting       | 4 6 |  6.2
Dodging        | |  1.5
Stealth        | |  5.4

Action                   |  1- 3 |  4- 6 |  7- 9 || total
-------------------------+-------+-------+-------++-------
Melee: Hand axe          |   102 |    59 |       ||   161
       Punch             |     1 |       |     2 ||     3
       War axe           |       |    49 |   144 ||   193
  Use: Scroll            |     7 |     5 |     7 ||    19
       Potion            |     2 |     1 |     2 ||     5
 Stab: Distracted        |     2 |       |       ||     2
       Confused          |       |       |     2 ||     2
Armor: Leather armour    |    16 |       |       ||    16
       Ring mail         |    15 |       |       ||    15
       Chain mail        |    29 |    59 |   118 ||   206
Dodge: Dodged            |    46 |    55 |    54 ||   155

Table legend:
 A = Non-vault XP
 B = Vault XP
 C = Vault XP percentage of total XP
 D = Non-vault monster count
 E = Vault monster count
 F = Vault count percentage of total count
                 A         B        C        D         E       F
            +---------+---------+-------+---------+---------+-------
      Total |    2555 |      41 |   1.6 |     125 |       1 |   0.8
            +---------+---------+-------+---------+---------+-------
        D:1 |      33 |       0 |   0.0 |      19 |       0 |   0.0
        D:2 |      52 |       0 |   0.0 |      21 |       0 |   0.0
        D:3 |      29 |       0 |   0.0 |      13 |       0 |   0.0
        D:4 |     208 |       0 |   0.0 |      29 |       0 |   0.0
        D:5 |     515 |       0 |   0.0 |      10 |       0 |   0.0
        D:6 |     685 |      41 |   5.6 |      12 |       1 |   7.7
        D:7 |    1033 |       0 |   0.0 |      21 |       0 |   0.0
            +---------+---------+-------+---------+---------+-------
